[Event "27th OIBM 2024"]
[Site "Gmund am Tegernsee"]
[Date "2024.10.26"]
[Round "1.1"]
[White "Renner, Kai"]
[Black "Kollars, Dmitrij"]
[Result "0-1"]
[ECO "C78"]
[WhiteElo "2110"]
[BlackElo "2647"]
[Annotator "TA"]
[PlyCount "92"]
[EventDate "2024.09.16"]
[EventType "swiss"]
[EventCountry "GER"]
[SourceTitle "playchess.com"]
[Source "ChessBase"]
[SourceQuality "1"]
[TimeControl "40/5400+30:1800+30"]

1. e4 e5 2. Nf3 Nc6 3. Bb5 a6 4. Ba4 Nf6 5. O-O Bc5 6. c3 b5 7. Bb3 d6 8. d4 Bb6 9. dxe5 Nxe5 10. Nxe5 dxe5 11. Qxd8+ Kxd8 12. Bg5 {[%emt 0:06:38] The position is equal.} Ke7 13. Nd2 h6 14. Bxf6+ (14. Bh4 $1 $11 {might be stronger.}) 14... Kxf6 $15 15. Rfe1 Bb7 16. Nf1 Rad8 17. Rad1 Rxd1 18. Bxd1 Rd8 19. Bc2 g6 20. Re2 Ke7 21. Rd2 Rf8 22. Rd1 a5 23. g4 ({White should try} 23. a4 $15) 23... Bc8 $17 24. h3 h5 25. Nh2 a4 26. a3 Rh8 27. Rd2 Be6 28. Kg2 c6 29. Bd1 hxg4 30. hxg4 Bc7 {[%emt 0:03:32] Black has more active pieces.} 31. Nf1 Ke8 (31... f6 $17) 32. Be2 Bd8 33. Rd6 Bd7 34. Rd3 Bg5 35. Ne3 (35. c4 $1 $11) 35... Ke7 36. c4 Bxe3 37. Rxe3 bxc4 38. Bxc4 Bxg4 {[%emt 0:00:06][%mdl 4096] Endgame. KRB-KRB} 39. b4 Bd1 40. Rc3 Rd8 41. Ba6 Rd6 42. Kf1 c5 43. b5 c4 44. f4 (44. Rxc4 $15 Bf3 45. Rc7+ Kd8 46. Rc1) 44... exf4 $19 {[%emt 0:01:30] And now ...Bb3 would win.} 45. Rxc4 f3 (45... f6 $19 {Strongly threatening ...Bb3.} 46. Rc7+ Kd8) 46. Bb7 $2 {[%emt 0:01:13][%mdl 8192] [#]} (46. Ke1 $15) 46... Be2+ {[%emt 0:00:06] Weighted Error Value: White=0.31/Black=0.15 (very precise) .  Loses game:     	White=1     	---        Mistake:       	White=4     	Black=2      Inaccurate:     	White=3     	Black=1      OK:         	White=15    	Black=12     Best:        	White=1     	Black=5} 0-1

[Event "27th OIBM 2024"]
[Site "Gmund am Tegernsee"]
[Date "2024.10.26"]
[Round "1.2"]
[White "Safarli, Eltaj"]
[Black "Juergens, Klaus"]
[Result "1-0"]
[ECO "B30"]
[WhiteElo "2596"]
[BlackElo "2108"]
[Annotator "TA"]
[PlyCount "113"]
[EventDate "2024.09.16"]
[EventType "swiss"]
[EventCountry "GER"]
[SourceTitle "playchess.com"]
[Source "ChessBase"]
[SourceQuality "1"]
[TimeControl "40/5400+30:1800+30"]

1. e4 c5 2. Nf3 Nc6 3. Bb5 e6 4. O-O Nge7 5. Nc3 a6 6. Bxc6 Nxc6 7. d4 cxd4 8. Nxd4 d6 9. Re1 Be7 10. Nxc6 bxc6 11. Qg4 g6 12. b3 Qa5 13. Bb2 e5 14. Qe2 {[%emt 0:00:34] White is slightly better.} O-O 15. Na4 Re8 16. Rad1 Bf8 17. c4 Be6 18. Qe3 Qc7 19. c5 Rab8 20. Rc1 Rb5 21. h3 dxc5 22. Nxc5 Qa7 23. Nxe6 Qxe3 24. Rxe3 Rxe6 25. Rd3 Rc5 26. Rxc5 Bxc5 $16 {[%emt 0:00:08][%mdl 4096] Endgame. KRB-KRB} 27. Rd8+ Kg7 28. Kf1 f6 29. Ke2 Rd6 (29... Bb4 $16 30. Rb8 a5) 30. Ra8 $18 Bb4 {[%emt 0:04:12] [#] aiming for ...Rd2+.} 31. Ra7+ (31. Rxa6 $2 {is the wrong capture.} Rd2+ 32. Kf1 Rxb2 $19) 31... Kg8 32. Bc1 {[%emt 0:00:06] Prevents Rd2+.} (32. Rxa6 $2 {perishes.} Rd2+ 33. Kf1 Rxb2 $19) 32... a5 33. g4 (33. a3 $18 Bc3 34. Bh6) 33... g5 $16 34. Be3 h6 35. Rc7 Kh8 36. Kf3 Kg8 37. Kg3 Kh8 38. h4 {[%emt 0:00:10][%cal Bh3h4,Bh4h5][%mdl 32] White is more active.} Kg8 (38... Bd2 $16) 39. h5 $18 Kh8 40. Kf3 Kg8 41. Ke2 Kh8 42. Ra7 Kg8 43. Bc1 Rd8 44. a3 Bc3 45. Ra6 Rb8 46. Rxc6 Rxb3 47. Rxf6 Kg7 (47... Rb1) 48. Rf3 a4 49. Kd1 Bd4 {[%emt 0:00:00] [#]} 50. Rxb3 $1 axb3 {[%emt 0:00:00] KB-KB} 51. Be3 Bc3 52. a4 Kf6 53. Kc1 Ke6 54. Kb1 (54. Bc5 $142 Kd7 55. Bf8) 54... Kf6 55. Bc5 Kf7 56. f3 Kg7 57. Bb6 {[%emt 0:00:00] Weighted Error Value: White=0.05 (flawless) /Black=0.33.  Mistake:       	White=1     	Black=3      Inaccurate:     	---       	Black=4      OK:         	White=19    	Black=10     Best:        	White=3     	Black=2} 1-0

[Event "27th OIBM 2024"]
[Site "Gmund am Tegernsee"]
[Date "2024.10.26"]
[Round "1.3"]
[White "Kather, Yannick"]
[Black "Karthik Venkataraman"]
[Result "0-1"]
[ECO "C01"]
[WhiteElo "2108"]
[BlackElo "2581"]
[Annotator "TA"]
[PlyCount "76"]
[EventDate "2024.09.16"]
[EventType "swiss"]
[EventCountry "GER"]
[SourceTitle "playchess.com"]
[Source "ChessBase"]
[SourceQuality "1"]
[TimeControl "40/5400+30:1800+30"]

1. e4 e6 2. d4 d5 3. Nc3 Bb4 4. exd5 exd5 5. Bd3 Ne7 6. Qf3 b6 (6... c5 $11 {is superior.} 7. dxc5 d4) 7. Nge2 $14 Ba6 8. Bxa6 Nxa6 {[%emt 0:00:15] The position is equal.} 9. Qd3 Bxc3+ 10. bxc3 Nb8 11. O-O Nbc6 12. c4 (12. Re1 $14) 12... O-O 13. cxd5 Qxd5 14. Bf4 Nb4 15. Qd2 Na6 (15... Nxa2 $2 16. c3 $18 (16. Bxc7 Qc4 $11)) (15... Qc4 $5) 16. Qd3 Nb4 17. Qd2 Qc4 (17... Nxa2 $2 18. c3 $18 (18. Bxc7 Qc4 $11)) 18. Bxc7 Ned5 ({Much worse is} 18... Qxc7 19. Qxb4 Qxc2 20. Qxe7 $11) 19. c3 Rfe8 20. Ng3 {[%emt 0:12:25] Black continues to play with concentration.} ({White should try} 20. Be5 $15 Nc6 21. Ng3 Nxe5 (21... Qxc3 22. Qxc3 Nxc3 23. Rac1 $11) (21... Nxc3 22. Bxg7 Re6 23. d5 $18) 22. dxe5) 20... Qxc3 {[%emt 0:02:56] Black is much more active.} 21. Qxc3 Nxc3 {[%emt 0:00:03] A dynamic duo of knights.} 22. a3 Nbd5 $36 {[%emt 0:00:07][%mdl 2048] Black is really pushing.} 23. Bd6 a5 {[%emt 0:00:08] [#] Prevents Bb4. ...Rad8 is the strong threat.} 24. Rfe1 g6 {[%emt 0:01:47] Wards off Nf5. Hoping for ...Rxe1+.} 25. f3 Rxe1+ 26. Rxe1 {[%emt 0:00:07] [#]} Rd8 $1 27. Ne4 Nxe4 28. fxe4 Rxd6 29. exd5 Rxd5 $19 {[%emt 0:00:04][%mdl 4096] Endgame. KR-KR} 30. Rb1 $2 (30. Rd1) 30... Rxd4 31. Rxb6 Rd3 {[%emt 0:00:04] Black is clearly winning.} 32. a4 Rd4 33. g3 Rxa4 34. Kg2 (34. Ra6 $142) 34... Ra2+ 35. Kh3 h5 36. Ra6 Kg7 {[%emt 0:00:11] Threatens to win with ...g5.} 37. Rb6 g5 38. Ra6 f6 {[%emt 0:00:08] Weighted Error Value: White=0.54/Black=0.06 (flawless) .  Mistake:       	White=4     	---        Inaccurate:     	White=5     	Black=1      OK:         	White=10    	Black=17     Best:        	---       	Black=1} 0-1

[Event "27th OIBM 2024"]
[Site "Gmund am Tegernsee"]
[Date "2024.10.26"]
[Round "1.4"]
[White "Piorun, Kacper"]
[Black "Thannheiser, Thomas"]
[Result "1-0"]
[ECO "D05"]
[WhiteElo "2581"]
[BlackElo "2108"]
[Annotator "TA"]
[PlyCount "79"]
[EventDate "2024.09.16"]
[EventType "swiss"]
[EventCountry "GER"]
[SourceTitle "playchess.com"]
[Source "ChessBase"]
[SourceQuality "1"]
[TimeControl "40/5400+30:1800+30"]

1. d4 d5 2. Nf3 Nf6 3. e3 e6 4. Bd3 c5 5. b3 Nc6 6. Bb2 Bd6 7. O-O O-O 8. dxc5 Bxc5 9. Nbd2 Qe7 10. c4 {[%emt 0:03:49] The position is equal.} Rd8 11. Qb1 h6 12. a3 a6 13. b4 {[%emt 0:08:19] [#] Bxf6 is the strong threat.} Bd6 14. Rd1 Bc7 15. Qc2 Bd7 16. Nb3 dxc4 17. Bxc4 Bb6 {[%emt 0:01:31] Against Nc5} 18. Rac1 Be8 19. Bd3 Rac8 20. Qb1 Nb8 21. Nbd4 Nc6 22. Ne2 Nb8 23. Nc3 Nbd7 24. h3 Ba7 25. Rd2 Nb6 26. Ne4 Nxe4 27. Bxe4 Rxd2 28. Nxd2 Qd7 29. Bd4 Rxc1+ 30. Qxc1 Nc8 31. Bxa7 Nxa7 32. Qc5 Nb5 33. Nc4 f6 (33... Qd1+ $14 34. Kh2 Qd8) 34. Bf3 $16 {[%emt 0:02:59] White has more active pieces.} Qd8 (34... Qc7 $16 {was necessary.}) 35. Bxb7 $18 Nc3 36. Bf3 {[%emt 0:01:54] Inhibits Ne2+.} (36. Bxa6 {gets mated.} Qd1+ 37. Kh2 Ne2) (36. Nd6 $142 {[%cal Ob7a6] Hoping for Bxa6!} Bb5 37. Bc8) 36... Bb5 37. Nd6 Be2 (37... Na4 {was worth a try.} 38. Qd4 Qc7 39. Nxb5 axb5) 38. Bc6 Nb1 $2 {[%emt 0:00:14] [#]} (38... Bb5) 39. a4 Qc7 (39... Nc3 $142 40. Qxc3 Qxd6) 40. Be4 $2 {[%emt 0:02:59] Weighted Error Value: White=0.17 (very precise) /Black=0.29 (precise) .  Mistake:       	White=1     	Black=5      Inaccurate:     	White=3     	Black=3      OK:         	White=14    	Black=6      Best:        	White=2     	Black=3} (40. b5 axb5 41. axb5) 1-0

[Event "27th OIBM 2024"]
[Site "Gmund am Tegernsee"]
[Date "2024.10.26"]
[Round "1.5"]
[White "Ennenbach, Ralph"]
[Black "Jumabayev, Rinat"]
[Result "0-1"]
[ECO "B43"]
[WhiteElo "2105"]
[BlackElo "2577"]
[Annotator "TA"]
[PlyCount "40"]
[EventDate "2024.09.16"]
[EventType "swiss"]
[EventCountry "GER"]
[SourceTitle "playchess.com"]
[Source "ChessBase"]
[SourceQuality "1"]
[TimeControl "40/5400+30:1800+30"]

1. e4 c5 2. Nf3 e6 3. d4 cxd4 4. Nxd4 a6 5. Nc3 Qc7 6. f4 b5 7. Bd3 Bb7 8. Be3 Nf6 9. e5 (9. Qf3 $11 {is superior.}) 9... Bxg2 $15 {[%emt 0:20:12] Black is slightly better.} 10. Rg1 Nd5 11. Nxd5 Bxd5 12. Qe2 Nc6 13. a4 bxa4 14. Rxa4 Nb4 15. Bxa6 {[%emt 0:08:24] [#]} (15. Kd2 $17 {was called for.}) 15... Bc4 $1 $19 16. Bxc4 (16. Qxc4 Qxc4) 16... Rxa4 17. Kf2 {[%emt 0:00:28] [#]} (17. Bb3 $142 Ra1+ 18. Kd2 Rxg1 19. Bxg1) 17... Nxc2 $1 18. b3 (18. Qxc2 Rxc4) 18... Nxd4 19. Bxd4 {[%emt 0:00:05] [#]} Bc5 $1 20. Qe3 (20. Bxc5 Qxc5+) 20... Ra2+ {[%emt 0:00:24] White got outplayed after the opening.   Weighted Error Value: White=0.49/Black=0.00 (flawless) .  Mistake:       	White=3     	---        Inaccurate:     	White=2     	---        OK:         	White=1     	Black=9      Best:        	---       	Black=2      Brilliant:      	---       	Black=1} 0-1

[Event "27th OIBM 2024"]
[Site "Gmund am Tegernsee"]
[Date "2024.10.26"]
[Round "1.6"]
[White "Vogel, Roven"]
[Black "Hofmann, Lorenz"]
[Result "1-0"]
[ECO "E05"]
[WhiteElo "2559"]
[BlackElo "2105"]
[Annotator "TA"]
[PlyCount "107"]
[EventDate "2024.09.16"]
[EventType "swiss"]
[EventCountry "GER"]
[SourceTitle "playchess.com"]
[Source "ChessBase"]
[SourceQuality "1"]
[TimeControl "40/5400+30:1800+30"]

1. d4 d5 2. Nf3 Nf6 3. c4 e6 4. g3 Be7 5. Bg2 O-O 6. O-O dxc4 7. Qc2 a6 8. Rd1 {[%emt 0:00:32][%cal Of3e5][%mdl 1024] White has compensation.} b5 9. Ne5 {[%emt 0:00:34] [#]} c6 $1 10. Nc3 {[%emt 0:06:00][%cal Ob2b3] The position is equal.} (10. b3 cxb3) 10... Bb7 11. Ne4 (11. b3 {feels hotter.} b4 12. Na4 c3 13. Nc5) 11... Nfd7 12. h4 Qc8 13. Nf3 Rd8 14. Bf4 Nf8 15. b3 cxb3 16. axb3 a5 17. h5 h6 18. Ne5 Ra7 19. Be3 Ra8 20. Nc5 Bxc5 $1 21. dxc5 Rxd1+ (21... Nbd7 $11 22. Bf4 Nxe5 23. Bxe5 Rd5 24. Bxd5 exd5) 22. Rxd1 $14 (22. Qxd1 Nbd7 23. Bf4 Nxc5 $15) 22... Nbd7 (22... Qe8 $14) 23. Bd4 {[%emt 0:05:46] White is much more active.} ({White has to play} 23. Nxd7 $1 $16 Nxd7 24. Qd2) 23... Nxe5 24. Bxe5 a4 25. b4 (25. bxa4 $11 bxa4 26. Ra1) 25... f6 26. Bc3 Qe8 27. Rd6 (27. g4 $15) 27... Rd8 (27... Qxh5 $17 28. f4 Rc8) 28. Qd3 (28. Rxd8 $1 $15 Qxd8 29. f4) 28... Rxd6 $17 29. cxd6 Bc8 (29... Qxh5 $2 30. d7 Nxd7 31. Qxd7 $18) 30. f4 Bd7 31. Bf3 $1 Nh7 32. Qe3 f5 ({Better is} 32... e5 $1 $17 33. fxe5 fxe5 34. Qxe5 (34. Bxe5 Qe6 $15) 34... Qxe5 35. Bxe5 Ng5) 33. Qa7 $11 Nf6 34. Be5 Qc8 35. Kf1 Nd5 36. Qd4 Qf8 37. g4 fxg4 38. Bxg4 Nf6 39. Bf3 Qf7 40. Qa7 Nd5 {[%emt 0:01:06] [#] Black is weak on the dark squares} (40... Kf8 $11) 41. Be4 $1 $16 {[%emt 0:07:24] Bg6 would kill now.} Qe8 (41... Nxf4 $2 {too greedy.} 42. Qb8+ Qf8 (42... Be8 $2 43. Ke1 $18) 43. Qxf8+ Kxf8 44. Bxf4 $18) 42. Bg6 {[%emt 0:12:31] This pair of bishops is nice.} (42. Bd3 $16) 42... Qd8 $14 43. e4 Nb6 $1 44. f5 ({White should play} 44. Qa5 $1 $14 Qb8 45. Bd4) 44... exf5 $1 $11 ({Don't blunder} 44... Nc4 $2 45. fxe6 Nxe5 46. e7 $18) 45. exf5 $40 {[%emt 0:01:20][%mdl 128] White mounts an attack.} Nc4 46. Bg3 Nd2+ 47. Ke2 {[%emt 0:01:04] Threatens to win with Bh4.} Ne4 48. Be5 Nf6 49. Bxf6 gxf6 50. Kd2 {[%emt 0:00:58] aiming for Qe3.} Kf8 $2 {[%emt 0:01:24][%mdl 8192] [#]} (50... c5 $11) 51. Qe3 $1 {[%emt 0:01:41] White mates.} Be8 52. Qxh6+ Kg8 53. Qh7+ Kf8 54. Qh8# {[%emt 0:00:04] Weighted Error Value: White=0.21 (precise) /Black=0.29 (precise) .  Loses game:     	---       	Black=1      Mistake:       	White=6     	Black=5      Inaccurate:     	White=6     	Black=5      OK:         	White=12    	Black=8      Best:        	White=1     	Black=3      Strong:       	White=3     	Black=3} 1-0

[Event "27th OIBM 2024"]
[Site "Gmund am Tegernsee"]
[Date "2024.10.26"]
[Round "1.7"]
[White "Heigermoser, Robert"]
[Black "Stremavicius, Titas"]
[Result "0-1"]
[ECO "B30"]
[WhiteElo "2102"]
[BlackElo "2541"]
[Annotator "TA"]
[PlyCount "148"]
[EventDate "2024.09.16"]
[EventType "swiss"]
[EventCountry "GER"]
[SourceTitle "playchess.com"]
[Source "ChessBase"]
[SourceQuality "1"]
[TimeControl "40/5400+30:1800+30"]

1. e4 c5 2. Nf3 Nc6 3. Bb5 Nf6 4. Nc3 Nd4 5. e5 Nxb5 6. Nxb5 Nd5 7. Ng5 f6 8. Qf3 Nc7 9. exf6 exf6 10. Qh5+ {[%emt 0:00:16] The position is equal.} g6 11. Qe2+ Ne6 12. Nxe6 dxe6 13. b3 Be7 14. Bb2 O-O 15. h4 a6 16. Nc3 b5 17. h5 g5 {[%emt 0:00:14] [#]} 18. f4 gxf4 $11 19. Qg4+ (19. Rg1 $11 {remains equal.}) 19... Kh8 $17 {[%emt 0:00:08] ...e5 is the strong threat.} 20. h6 Rg8 {[%emt 0:00:40] Prevents Qg7+.} 21. Qxf4 Qd4 (21... Rxg2 $6 22. O-O-O Bb7 23. Ne4 $11) (21... e5 $17 22. Qf3 Bg4) 22. Qe4 (22. Qf3 $15 Qe5+ 23. Kf1) 22... Ra7 (22... Qxe4+ $6 23. Nxe4 e5 (23... Rxg2 24. Nxf6 Bxf6 25. Bxf6+ Kg8 26. O-O-O $16) 24. Nxf6 Bxf6 25. O-O $11) 23. Rf1 (23. O-O-O $2 b4 24. Qxd4 cxd4 $19) 23... Bb7 (23... Rg6 $17 24. d3 (24. O-O-O $2 b4 $19) 24... b4 (24... Rxh6 25. Qc6 $17)) 24. Qxd4 cxd4 25. Nxb5 axb5 26. Bxd4 {[%emt 0:00:07] [#]} Rga8 27. Bxa7 Rxa7 28. g3 Kg8 {[%emt 0:01:05][%mdl 1024] Black has strong compensation. Black is more active.} 29. a4 Bc6 30. a5 Kf7 31. Rf4 (31. a6 $15) 31... f5 32. b4 Bd6 33. Rf1 (33. Ra3 $17) 33... Bxb4 34. g4 Kf6 (34... Rxa5 35. Rxa5 Bxa5 36. gxf5 $17) (34... Bxa5 35. gxf5 Bd5 36. Rg1 $15) 35. gxf5 exf5 36. Rg1 Bf8 {[%emt 0:00:13] Prevents Rg7. A strong pair of Bishops.} (36... Rxa5 $2 37. Rxa5 Bxa5 38. Rg7 $18) 37. Rg8 Bxh6 {[%emt 0:01:52] aiming for ...Re7+.} 38. Rc8 (38. a6 $17 {is a better defense.}) 38... Bd7 $19 39. Rb8 (39. Rh8 $17 {was necessary.}) 39... Bf4 $1 40. Rb6+ Ke5 $2 (40... Kg5 $19 41. Kf2 Bxd2) 41. a6 Kd5 {[%emt 0:02:33] Threatens to win with ...Bc6.} 42. Ra3 $1 Be5 {[%emt 0:11:32] White must now prevent ...Bc6.} 43. Rh3 (43. Re3 $11 Ra8 44. Rh3) 43... Kc5 (43... Bc6 $17 {Hoping for ...Kc5.} 44. Rh6 Be8) 44. Rhh6 {[%emt 0:01:18] [#]} (44. Rb7 $11 Rxb7 (44... Rxa6 $2 45. Rxd7 Re6 46. Kd1 $18) 45. axb7) 44... Be8 $1 $17 45. Rhe6 Bc7 46. Rb7 Rxb7 47. axb7 Bc6 48. d4+ Kd5 $1 (48... Kxd4 $2 49. Rxc6 Bg3+ 50. Ke2 $18) 49. Rf6 (49. Re7 $17 {was the only defense.} Kd6 50. Rxh7) 49... f4 $2 ({Black should play} 49... Bxb7 $19 50. Rxf5+ Kxd4 51. Rxb5 Be4) 50. Rf7 $11 Bd6 51. c3 b4 52. cxb4 Kxd4 53. Rxh7 Ke3 54. Re7+ Be4 (54... Bxe7 $2 55. b8=Q (55. b8=B Bxb4+ 56. Kd1 Ba4+ 57. Kc1 f3 58. Bc7 f2 59. Bb6+ Kf3 60. Bxf2 Kxf2 61. Kb2 Ke2 62. Ka2 Kd1 63. Kb1 Ba3 64. Ka2 Bc1 65. Kb1 Be8 66. Ka2 Kc2 67. Ka1 Bb2+ 68. Ka2 Bf7#) 55... Bh4+ 56. Kf1 $18) 55. Re8 f3 56. Kf1 Bg3 57. b5 Bd6 58. Re6 Bh2 59. Re8 Bg3 60. b6 Bh2 61. Re7 Bd6 {[%emt 0:00:36] Some like it hot} 62. Re8 Bg3 63. Re7 (63. Kg1 $5) 63... Kd4 64. Rd7+ Ke3 65. Re7 $1 Bh2 66. Re8 Bd6 67. Re6 Bb8 68. Re8 Bg3 69. Re7 Kd4 70. Rd7+ Kc5 71. Rc7+ Kd6 {[%emt 0:00:55] ( -> ...Bd3+)} 72. Rf7 $2 {[%emt 0:00:37][%mdl 8192] [#]} (72. b8=B Bd3+ 73. Kg1 f2+ 74. Kg2 f1=Q+ $19 (74... f1=B+ $2 {perishes.} 75. Kxg3 Kd5 76. Ba7 $18)) (72. b8=Q $11 Bd3+ 73. Kg1 f2+ 74. Kg2 f1=Q+ (74... f1=B+ 75. Kxg3 Bf5 76. Kf4 Bd7 77. Qf8+ Ke6 78. Qf5+ Ke7 79. Rxd7+ Ke8 80. Qf7#) 75. Kxg3 Qe1+ 76. Kg4 Qe4+ 77. Kg3 Qe3+ 78. Kg4 Qe6+ 79. Kg3 (79. Kh4 Qe4+ 80. Kg3 Qe3+ 81. Kg4 Qe6+ 82. Kh4 Qh6+ 83. Kg3 Qe3+ $11) 79... Qe3+ 80. Kg2 Qd2+ 81. Kf3 (81. Kg3 Qe1+ 82. Kg4 Qe2+ 83. Kg3 Qe3+ $11) 81... Be2+ 82. Ke4 Bd3+ 83. Kf3 Qe2+ 84. Kg3 Qe3+) 72... Ke6 $1 $19 73. Rf8 Bxb7 74. Rg8 Ba6+ {[%emt 0:00:09] Weighted Error Value: White=0.23 (precise) /Black=0.22 (precise) .  Loses game:     	White=1     	---        Missed win:     	---       	Black=2      Mistake:       	White=10    	Black=3      Inaccurate:     	White=6     	Black=2      OK:         	White=26    	Black=21     Best:        	White=4     	Black=3      Strong:       	White=2     	Black=4} 0-1

[Event "27th OIBM 2024"]
[Site "Gmund am Tegernsee"]
[Date "2024.10.26"]
[Round "1.8"]
[White "Amar, Elham"]
[Black "Fauth, Dietmar"]
[Result "1-0"]
[ECO "B68"]
[WhiteElo "2540"]
[BlackElo "2101"]
[Annotator "TA"]
[PlyCount "47"]
[EventDate "2024.09.16"]
[EventType "swiss"]
[EventCountry "GER"]
[SourceTitle "playchess.com"]
[Source "ChessBase"]
[SourceQuality "1"]
[TimeControl "40/5400+30:1800+30"]

1. e4 c5 2. Nf3 d6 3. d4 cxd4 4. Nxd4 Nf6 5. Nc3 Nc6 6. Bg5 e6 7. Qd2 a6 8. O-O-O Be7 9. f4 Bd7 10. Nf3 b5 11. a3 Qa5 12. Kb1 {[%emt 0:03:40] Threatens to win with e5.} Rb8 ({Black should try} 12... h6 $11 13. Bh4 Rd8) 13. e5 $1 $14 {[%emt 0:03:22] White is slightly better.} b4 $1 14. axb4 Qxb4 15. b3 Na5 16. exf6 $18 gxf6 {[%emt 0:01:15] [#] Strongly threatening ...Nxb3.} 17. Bh4 {[%emt 0:03:19][%cal Of3d4] And now Nd4! would win.} d5 (17... e5 {is a better defense.}) 18. Nxd5 (18. Bxa6 Nxb3 19. cxb3 Qxb3+ 20. Ka1 Bb4 $19) 18... exd5 (18... Qxd2 $142 19. Nc7+ (19. Nxd2 exd5 20. Bxa6 Bf5 $16) (19. Nxf6+ Bxf6 20. Rxd2 Bxh4 $18) 19... Kd8 20. Nxe6+ (20. Rxd2 Kxc7 21. Bxa6 Nxb3 $18) 20... fxe6 21. Rxd2 Nxb3 22. cxb3 Rxb3+ 23. Kc2 Rb6) 19. Qxb4 (19. Qxd5 $2 {perishes.} Nxb3 20. cxb3 (20. Qxd7+ $2 Kf8 $19) 20... Be6 $19) (19. Bxa6 $2 Qb6 20. Qxd5 Be6 $19) 19... Rxb4 20. Be1 (20. Rxd5 Nxb3 21. cxb3 Rxb3+ 22. Kc1 Ra3 $18) 20... Nc6 21. Bxb4 ({Weaker is} 21. Rxd5 Rxf4 22. Bxa6 Nb4 $16) ({Less strong is} 21. Bxa6 Rb6 $18) 21... Nxb4 22. c3 {[%emt 0:00:48] White is clearly winning.} Nc6 23. Bxa6 O-O 24. Bb5 {[%emt 0:00:38] Weighted Error Value: White=0.08 (flawless) /Black=0.53.  Mistake:       	---       	Black=4      Inaccurate:     	---       	Black=1      OK:         	White=8     	Black=3      Best:        	White=3     	---        Strong:       	White=1     	Black=1} 1-0

[Event "27th OIBM 2024"]
[Site "Gmund am Tegernsee"]
[Date "2024.10.26"]
[Round "1.9"]
[White "Konik, Michael"]
[Black "Quparadze, Giga"]
[Result "0-1"]
[ECO "B23"]
[WhiteElo "2099"]
[BlackElo "2522"]
[Annotator "TA"]
[PlyCount "78"]
[EventDate "2024.09.16"]
[EventType "swiss"]
[EventCountry "GER"]
[SourceTitle "playchess.com"]
[Source "ChessBase"]
[SourceQuality "1"]
[TimeControl "40/5400+30:1800+30"]

1. e4 c5 2. Nc3 e6 3. f4 d5 4. Nf3 d4 5. Ne2 Nc6 6. d3 Bd6 7. g3 f6 8. Bg2 Nge7 9. O-O O-O 10. c3 dxc3 11. bxc3 b6 {[%emt 0:00:28] White has an edge.} 12. Be3 (12. e5 $14 {should be considered.}) 12... Ba6 13. Qc2 Kh8 14. Rad1 Qe8 15. Nh4 Rd8 16. f5 (16. Rf2 $11) 16... exf5 $15 17. Nxf5 Nxf5 18. Rxf5 Ne5 19. d4 cxd4 20. Bxd4 Bc5 21. Nc1 Ng4 {[%emt 0:04:39] [#] ...Bxd4+ is the strong threat.} 22. Qd2 Bc4 {[%emt 0:02:31] Against Rd5} 23. h3 Ne5 24. Kh2 Be6 25. Rf4 Bd6 {[%emt 0:00:24] Black has more active pieces.} 26. Rh4 $2 {[%emt 0:00:00][%mdl 8192] Now White is beyond hope.} (26. Rff1 $17 {is tougher.}) 26... Ng6 (26... g5 $142 27. Rh6 Kg7 28. Rxf6 Kxf6) 27. Rh5 $19 Nf4 {[%emt 0:00:06] Inhibits Nd3.} 28. Rh4 (28. Rxh7+ $142 Kxh7 29. gxf4) 28... Nxg2 29. Kxg2 Qg6 (29... Be5 $142 30. Qe2 g5) 30. Qe3 Kg8 31. Ne2 Rfe8 32. Nf4 {[%emt 0:01:52] Wards off Bd5} Bxf4 33. Rxf4 {[%emt 0:00:23] [#] White is weak on the light squares} (33. Qxf4 $17 {keeps fighting.} Qf7 (33... Bxa2 $2 34. Qf2 $19) 34. Qf2) 33... Bxh3+ $1 34. Kh2 (34. Kxh3 $2 {too greedy.} Qh5+ 35. Kg2 Qxd1 $19) (34. Kf2 h5) 34... Bc8 {[%emt 0:00:07] ...Qh5+ would now be deadly.} 35. Rdf1 (35. Qe2 $142) 35... Bb7 36. Re1 f5 37. Qe2 (37. Qd3 $142 Bxe4 (37... fxe4 $2 38. Qc4+ Rd5 39. Re3 $19) 38. Qc4+ Qe6 39. Qxe6+ Rxe6 40. Kg1) 37... Rxe4 38. Qc4+ Bd5 {[%emt 0:00:06] ( -> ...Qh5+)} 39. Qc7 Qh6+ {[%emt 0:00:05] Weighted Error Value: White=0.89/Black=0.31.  Loses game:     	White=1     	---        Mistake:       	White=6     	Black=2      Inaccurate:     	White=5     	---        OK:         	White=6     	Black=16     Best:        	---       	Black=2} 0-1